Map: Pillars of Gold LE

Players

MarcoMan - Winner!

  • Race: Protoss Protoss
  • League: Master
  • Spawn Location: 7:00

Lightborn

  • Race: Protoss Protoss
  • League: Master
  • Spawn Location: 1:00

VOD

Have the link to the VOD?

Description

Time

  • Played on: Jan. 17, 2021, 3:57 p.m.
  • Length: 7:34
Show
View Real Time Build Order
Export as new Build Order

MarcoMan Protoss - Winner!

Build Orders:  

Get SALT Encoding   

  12  0:01  Probe  
  13  0:13  Probe  
  14  0:19  Pylon  
  14  0:25  Probe  
  15  0:37  Probe  
  16  0:44  Gateway  
  17  0:50  Probe  
  17  0:51  Assimilator  
  17  1:00  Assimilator  
  17  1:02  Probe  
  18  1:10  Assimilator  
  18  1:14  Probe  
  19  1:21  Gateway  
  19  1:26  Probe  
  20  1:38  Probe  
  21  1:40  Cybernetics Core  
  21  1:48  Pylon  
  21  1:57  Probe  
  22  2:09  Probe  
  22  2:14  Adept x2 (Chrono Boost)  
  27  2:30  Pylon  
  27  2:38  Adept x2  
  31  3:08  Nexus  
  29  3:20  Stargate  
  29  3:22  Warp Gate (Chrono Boost)  
  29  3:31  Stalker  
  31  3:37  Stalker  
  33  3:54  Probe  
  34  4:06  Probe  
  33  4:13  Oracle (Chrono Boost)  
  32  4:18  Probe  
  33  4:26  Probe  
  33  4:30  Probe  
  35  4:38  Probe  
  35  4:42  Probe  
  35  4:45  Shield Battery  
  37  4:47  Oracle  
  37  4:51  Probe  
  41  4:54  Probe  
  42  5:08  Probe  
  42  5:12  Robotics Facility  
  42  5:13  Probe  
  44  5:16  Pylon  
  44  5:20  Probe  
  45  5:25  Probe  
  46  5:32  Probe  
  47  5:37  Probe, Void Ray  
  48  5:44  Probe  
  48  5:45  Stalker x2  
  48  5:47  Pylon  
  48  5:48  Assimilator  
  48  5:49  Probe  
  58  5:53  Forge  
  58  5:54  Assimilator  
  58  5:56  Probe  
  59  6:02  Pylon  
  59  6:05  Observer (Chrono Boost)  
  60  6:12  Probe  
  60  6:14  Probe  
  62  6:19  Immortal (Chrono Boost)  
  66  6:26  Stalker  
  66  6:27  Stalker  
  66  6:29  Void Ray  
  74  6:42  Pylon  
  74  6:48  Immortal (Chrono Boost)  
  74  6:50  Robotics Bay  
  78  7:16  Stalker x2  
  82  7:26  Gateway  
Show
View Real Time Build Order
Export as new Build Order

Lightborn Protoss 

Build Orders: 1 Gate Expand, Zealot Archon 

Get SALT Encoding   

  12  0:00  Probe  
  13  0:12  Probe  
  14  0:20  Pylon  
  14  0:24  Probe  
  15  0:38  Probe (Chrono Boost)  
  15  0:40  Gateway  
  16  0:47  Probe (Chrono Boost)  
  17  0:52  Probe (Chrono Boost)  
  18  0:57  Assimilator  
  18  1:05  Probe  
  18  1:09  Gateway  
  19  1:23  Probe  
  20  1:42  Nexus  
  20  1:47  Pylon  
  20  1:58  Cybernetics Core  
  20  2:24  Probe  
  21  2:32  Adept x2 (Chrono Boost)  
  21  2:35  Warp Gate  
  25  2:37  Shield Battery  
  25  2:45  Twilight Council  
  25  2:48  Pylon, Probe (Chrono Boost)  
  26  2:54  Probe (Chrono Boost)  
  27  2:59  Stalker  
  27  3:04  Probe x2 (Chrono Boost)  
  32  3:13  Probe (Chrono Boost)  
  32  3:18  Shield Battery, Probe (Chrono Boost)  
  33  3:24  Assimilator  
  35  3:27  Probe (Chrono Boost)  
  35  3:28  Probe (Chrono Boost)  
  35  3:29  Assimilator  
  35  3:32  Probe (Chrono Boost)  
  35  3:35  Probe  
  37  3:44  Probe  
  37  3:47  Probe  
  34  3:56  Stalker x2, Probe  
  34  3:59  Probe (Chrono Boost)  
  34  4:11  Probe (Chrono Boost)  
  34  4:14  Probe (Chrono Boost)  
  34  4:21  Probe (Chrono Boost)  
  34  4:23  Charge, Probe (Chrono Boost)  
  36  4:29  Probe (Chrono Boost)  
  37  4:32  Probe (Chrono Boost)  
  37  4:38  Probe  
  39  4:44  Probe  
  40  4:50  Probe  
  41  4:56  Probe  
  42  5:02  Probe  
  41  5:08  Probe  
  42  5:14  Gateway  
  42  5:18  Gateway  
  42  5:19  Gateway x2  
  41  5:22  Gateway  
  41  5:29  Gateway  
  41  5:31  Templar Archives  
  41  5:35  Probe x2 (Chrono Boost)  
  35  5:47  Probe x2 (Chrono Boost)  
  37  5:52  Zealot  
  37  5:53  Zealot  
  41  5:59  Gateway x2, Probe x2 (Chrono Boost)  
  43  6:11  Probe x2  
  44  6:17  Zealot x3  
  44  6:18  Zealot  
  53  6:23  Probe x2  
  46  6:36  High Templar x2  
  46  6:37  Zealot  
  52  6:40  Archon  
  52  6:47  Zealot  
  52  6:52  Pylon  
  54  6:56  Pylon  
  54  7:10  High Templar  
  54  7:13  Zealot x2, High Templar  
  54  7:14  Zealot  
  64  7:17  Archon  
  64  7:21  Zealot  
  64  7:22  Zealot  
Tags
 
Composition
Zealot Archon
Matchup
PvP
Replay Pack
Weekend
Spawn Locations
Cross Positions
Add a new tag
Caveats
  • Supply blocks, unpowered buildings, or Contaminate may cause inaccurate times.
  • Supply counts are checked every 10 seconds.